 Dungeon Crawl Stone Soup version 0.17.0-1-g61d176b (console) character file.

23 siepu the Ducker (level 2, -3/24 HPs)
             Began as a Minotaur Air Elementalist on Nov 7, 2015.
             Slain by a gnoll
             ... wielding a +0 halberd
              (13 damage)
             ... on level 1 of the Dungeon.
             The game lasted 00:02:52 (1190 turns).

siepu the Ducker (Minotaur Air Elementalist)        Turns: 1190, Time: 00:02:52

Health: -3/24      AC:  3    Str: 12    XL:     2   Next: 72%
Magic:  2/3        EV:  7    Int: 12    God:
Gold:   48         SH:  0    Dex: 10    Spells: 1 memorised, 2 levels left

rFire  . . .     SeeInvis .     n - +0 hand axe
rCold  . . .     Clarity  .     q - +1 robe {rN+}
rNeg   + . .     SustAt   .     (no shield)
rPois  .         Gourm    .     (helmet restricted)
rElec  .         Spirit   .     (no cloak)
rCorr  .         Warding  .     (no gloves)
rMut   .         Stasis   .     (no boots)
MR     .....                    (no amulet)
Stlth  ++........               (no ring)
                                e - ring of stealth

@: not resistant to hostile enchantments, unstealthy
A: retaliatory headbutt, horns 2
a: no special abilities


You were on level 1 of the Dungeon.
You were not hungry.

You visited 1 branch of the dungeon, and saw 1 of its levels.

You collected 48 gold pieces.

Inventory:

Hand Weapons
 i - a +0 club
 n - a +0 hand axe (weapon)
Armour
 a - a +0 robe
 l - a +0 leather armour
 q - a +1 robe of positive energy (worn)
Jewellery
 e - a ring of stealth (left hand)
Scrolls
 g - 3 scrolls of identify {unknown}
 h - a scroll of magic mapping {unknown}
 k - a scroll of teleportation {unknown}
 m - a scroll of enchant armour {unknown}
 p - 2 scrolls of fear {unknown}
Potions
 d - a potion of mutation {unknown}
 o - a potion of curing {unknown}
Books
 b - a book of Air

   Spells                             Type                      Level
   a - Shock                          Conjuration/Air              1
   b - Swiftness                      Charms/Air                   2
   c - Repel Missiles                 Charms/Air                   2
   d - Static Discharge               Conjuration/Air              3
   e - Lightning Bolt                 Conjuration/Air              5
Comestibles
 c - a bread ration
 f - 4 fruits
 j - 2 chunks of flesh


   Skills:
 - Level 2.0 Fighting
 + Level 1.6(1.8) Axes
 - Level 0.8(1.3) Maces & Flails
 - Level 2.1 Dodging
 - Level 1.5 Stealth
 - Level 1.3 Spellcasting
 - Level 0.6 Conjurations
 - Level 2.1 Air Magic


You had 2 spell levels left.
You knew the following spells:

 Your Spells              Type           Power        Failure   Level  Hunger
a - Shock                 Conj/Air       #...         17%         1    ##.....


Dungeon Overview and Level Annotations

Branches:
Dungeon (1/15)

Altars:


Innate Abilities, Weirdness & Mutations

You reflexively headbutt those who attack you in melee.
You have a pair of horns on your head.


Message History

The gnoll is heavily wounded.
Casting: Shock
Confirm with . or Enter, or press ? or * to list all spells.
Aiming: Shock
Press: ? - help, Shift-Dir - straight line, p - gnoll The zap hits the gnoll.
The gnoll is heavily wounded.
The gnoll hits you from afar with a halberd!
Casting: Shock
Confirm with . or Enter, or press ? or * to list all spells.
Aiming: Shock
Press: ? - help, Shift-Dir - straight line The zap misses the gnoll.
The gnoll hits you from afar with a halberd!
* * * LOW HITPOINT WARNING * * *
Some of the chunks of flesh in your inventory have rotted away.
There is a stone staircase leading down here.
The gnoll hits you from afar with a halberd!
Ouch! That really hurt!
You die...

#...# ##...#.#.#.#.#.#
#...#######...#.#.#.#.#.#
###.............#.....#.#.#
................#######.#.#
........................#.#
.....##########.#########.#
.÷...# #.## #.#
###############..# #g#
#..............@### #.#
##...P..P.........g######.#
#...P≈≈≈≈≈.≈≈.............#
#..♣≈≈≈≈≈.≈≈♣......##############
#...≈≈≈≈≈≈≈.≈≈.....#..[...'......
#...≈.≈≈≈≈≈≈≈≈P....#......#......
#....≈≈≈≈≈≈≈....)..#......#......
##...P.≈.≈.≈≈......#...########..
#.##..P..PP..(..###...#..'...#..


You could see a gnoll.

Vanquished Creatures
  5 giant cockroaches (D:1)
  3 goblins (D:1)
  2 hobgoblins (D:1)
  3 kobolds (D:1)
  2 ball pythons (D:1)
  2 bats (D:1)
  4 rats (D:1)
21 creatures vanquished.

Notes
Turn   | Place    | Note
--------------------------------------------------------------
     0 | D:1      | siepu the Minotaur Air Elementalist began the quest for the Orb.
     0 | D:1      | Reached XP level 1. HP: 14/14 MP: 1/1
    89 | D:1      | Reached skill level 1 in Fighting
   554 | D:1      | Reached XP level 2. HP: 22/24 MP: 3/3
   887 | D:1      | Reached skill level 1 in Axes
  1190 | D:1      | Slain by a gnoll

Action                   || total
-------------------------++-------
Melee: Unarmed           ||    26
       Club              ||    10
       Hand axe          ||    26
 Cast: Shock             ||     6
 Stab: Sleeping          ||     8
  Eat: Chunk             ||     1
